 Seeded DCSS version 0.28-a0-429-g1448048 (webtiles) character file.

Game seed: 8859158737211481446 (custom seed)

9990 Illumine the Grappler (level 11, -13/107 HPs)
             Began as a Troll Monk on Sept 10, 2021.
             Was a High Priest of Cheibriados.
             Mangled by an orc warlord (30 damage)
             ... in a bailey.
             The game lasted 00:23:39 (8178 turns).

Illumine the Grappler (Troll Monk)                  Turns: 8178, Time: 00:23:39

Health: -13/107    AC:  6    Str: 33    XL:     11   Next: 30%
Magic:  0/14       EV: 19    Int: 19    God:    Cheibriados [*****.]
Gold:   465        SH:  0    Dex: 23    Spells: 10/10 levels left

rFire   . . .      SeeInvis .     - Unarmed
rCold   . . .      Faith    .   (no shield)
rNeg    . . .      Spirit   .   F - +2 robe {Will+}
rPois   .          Reflect  .   (helmet restricted)
rElec   .          Harm     .   f - scarf {repulsion}
rCorr   +          Rampage  .   (gloves unavailable)
Will    +....                   (boots unavailable)
Stlth   ++........              (no amulet)
HPRegen 1.27/turn               i - ring of resist corrosion
MPRegen 0.14/turn               y - +4 ring of evasion

@: studying Throwing, repel missiles, very slow
A: large, unfitting armour, claws 3, regeneration 1, shaggy fur 1, tough skin 1
a: Renounce Religion, Bend Time, Temporal Distortion, Slouch, Step From Time


You were in a bailey.
You worshipped Cheibriados.
Cheibriados was extremely pleased with you.
You visited 2 branches of the dungeon, and saw 12 of its levels.
You also visited: Bailey.

You collected 553 gold pieces.
You spent 88 gold pieces at shops.

Inventory:

Missiles
 a - 53 poisoned darts
 j - 313 stones (quivered)
 k - a boomerang
Armour
 b - a +0 robe
 f - a scarf of repulsion (worn)
 F - a +2 robe of willpower (worn)
Jewellery
 i - a ring of resist corrosion (left claw)
 q - a ring of ice
 t - an amulet of guardian spirit
 y - a +4 ring of evasion (right claw)
 A - a ring of flight
Wands
 v - a wand of polymorph (6)
 w - a wand of acid (1)
Scrolls
 d - a scroll of holy word
 e - 2 scrolls of noise
 g - 4 scrolls of magic mapping
 h - 6 scrolls of teleportation
 m - 2 scrolls of blinking {unknown}
 n - 4 scrolls of enchant weapon
 o - 2 scrolls of immolation
 r - a scroll of silence
 s - 4 scrolls of brand weapon
 x - a scroll of torment
 B - a scroll of fear {unknown}
 G - a scroll of vulnerability {unknown}
 J - a scroll of identify
 K - 2 scrolls of enchant armour {unknown}
Potions
 c - 4 potions of curing
 l - 3 potions of heal wounds
 p - 2 potions of resistance
 u - 2 potions of ambrosia {unknown}
 z - a potion of might {unknown}
 C - 3 potions of haste {unknown}
 D - a potion of lignification {unknown}
 E - a potion of berserk rage {unknown}
 H - 2 potions of mutation
 L - a potion of experience {unknown}
 M - a potion of invisibility {unknown}
Miscellaneous
 I - a tin of tremorstones (1/2)


   Skills:
 + Level 6.9 Fighting
 - Level 2.6 Maces & Flails
 - Level 5.0 Throwing
 + Level 6.9 Dodging
 - Level 1.0 Stealth
 * Level 11.4 Unarmed Combat
 + Level 6.3 Invocations


You had 10 spell levels left.
You didn't know any spells.
Your spell library contained the following spells:

 Spells                   Type           Power      Damage    Failure   Level
 Foxfire                  Conj/Fire      0%         2x1d4     21%         1
 Conjure Flame            Conj/Fire      0%         6-21      52%         3
 Dazzling Flash           Conj/Hex       0%         N/A       52%         3
 Inner Flame              Hex/Fire       0%         N/A       52%         3
 Flame Wave               Conj/Fire      0%         3d3       90%         4
 Iskenderun's Mystic Bla  Conj/Tloc      0%         2d3       90%         4
 Agony                    Necr           0%         N/A       99%         5
 Silence                  Hex/Air        0%         N/A       99%         5
 Starburst                Conj/Fire      0%         6d3       100%        6
 Borgnjor's Revivificati  Necr           0%         N/A       100%        8
 Necromutation            Tmut/Necr      0%         N/A       100%        8
 Death's Door             Necr           0%         N/A       100%        9


Dungeon Overview and Level Annotations

Branches:
Dungeon (11/15)            Temple (1/1) D:4            Lair (0/6) D:11
 Bailey (1/1)
    Orc: D:9-12

Altars:
Ashenzari
Cheibriados
Dithmenos
Elyvilon
Fedhas
Gozag
Hepliaklqana
Kikubaaqudgha
Makhleb
Nemelex Xobeh
Okawaru
Qazlal
Ru
Sif Muna
Trog
Uskayaw
Vehumet
Wu Jian
Xom
Yredelemnul
Zin
The Shining One
Beogh

Shops:
D:2 =   D:3 **![*

Annotations:
D:5 3 runed translucent doors, martinluther4's ghost, amateur HuTm
D:9 1 runed translucent door
D:10 3 runed translucent doors, JoannaLumley's ghost, journeyman KoBr


Innate Abilities, Weirdness & Mutations

You are too large for most types of armour.
You have claws for hands.
Your natural rate of healing is unusually fast.
You are covered in fur. (AC +1)
You have tough skin. (AC +1)


Message History

You kill the hobgoblin!
Cheibriados appreciates the change of pace.
Cheibriados lowers the support of your attributes as your movement quickens.
A goblin comes into view. It is wielding a +0 hand axe.
You claw the orc warrior!
You claw the orc warrior, but do no damage.
The orc warrior is almost dead.
The orc warrior hits you with a +0 war axe!
The orc warlord roars a battlecry!
The orcs go into a battle-frenzy!
You mangle the orc warrior!!
You kill the orc warrior!
Cheibriados appreciates the change of pace.
You can feel time thicken for a moment.
You kill the orc warrior!
Cheibriados appreciates the change of pace.
You kill the goblin!
Cheibriados appreciates the change of pace.
You kill the orc warrior!
Cheibriados appreciates the change of pace.
You kill the orc warrior!
Cheibriados thoroughly appreciates the change of pace.
Cheibriados lowers the support of your attributes as your movement quickens.
The orc warlord unwields a +0 war axe.
The orc warlord wields a +0 arbalest.
The orc warlord shoots a bolt.
The bolt hits you!!
Unknown command.
You mangle the orc knight!!
You kill the orc knight!
Cheibriados appreciates the change of pace.
The orc warlord shoots a bolt.
The bolt hits you!!
Unknown command.
Okay, then.
Unknown command.
Okay, then.
You warp the flow of time around you!
The orc warlord unwields a +0 arbalest.
The orc warlord wields a +0 war axe.
The orc warlord hits you with a +0 war axe!!
* * * LOW HITPOINT WARNING * * *
The orc warlord hits you with a +0 war axe!!
You die...

..........#..)........#
..........#...........#
)).......###.........###
)#)....###.###.....#)#.###
.###.###
....###.###)....### ...###
......###.........## ....#
....))##8..........# ....#
...).).#8..........# ....#
..)...o@.....⌠....∩# ....#
..))...#8..........# ....#
.....)##8..........#
...###
......###.........##
)###.###
....###.###)....###
)#.....# #.###.....#)#.###
)....... ###.......))###
........ #...........#
........ #...........#


You could see an orc warlord.

Vanquished Creatures
  3 two-headed ogres
  An orc knight (Bailey)
  Maggie (D:10)
  A komodo dragon (D:10)
  Prince Ribbit (D:6)
  A wyvern (D:10)
  11 yaks
  A steam dragon (D:8)
  2 water moccasins
  2 black bears
  16 orc warriors
  2 necrophages
  5 ice beasts
  An ogre (D:7)
  3 centaurs
  4 bullfrogs
  A water moccasin zombie (D:6)
  A gnoll sergeant (D:9)
  A scorpion (D:5)
  6 killer bees (D:10)
  7 wights
  2 centaur zombies
  2 bullfrog zombies
  A jelly (D:5)
  5 orc priests
  A bullfrog skeleton (D:4)
  A centaur skeleton (D:4)
  3 hounds
  3 iguanas
  6 orc wizards
  A hound skeleton (D:4)
  Robin (D:4)
  14 gnolls
  4 adders
  A white imp (D:6)
  An ufetubus (D:6)
  An adder skeleton (D:4)
  3 worms
  2 dart slugs
  37 orcs
  4 endoplasms
  2 giant cockroaches (D:1)
  27 hobgoblins
  6 jackals (D:3)
  12 kobolds
  2 quokkas
  5 ball pythons
  9 bats
  2 frilled lizards (D:1)
  35 goblins
  3 rats
  A spectral kobold (D:2)
268 creatures vanquished.

Vanquished Creatures (others)
  3 plants (D:10)
3 creatures vanquished.

Grand Total: 271 creatures vanquished

Notes
Turn   | Place    | Note
-------+----------+-------------------------------------------
     0 | D:1      | Illumine the Troll Monk began the quest for the Orb.
     0 | D:1      | Reached XP level 1. HP: 22/22 MP: 0/0
   150 | D:1      | Reached skill level 1 in Unarmed Combat
   270 | D:1      | Reached XP level 2. HP: 29/29 MP: 1/1
   510 | D:1      | Reached skill level 2 in Unarmed Combat
   659 | D:2      | Found Etempa's Jewellery Shoppe.
   697 | D:2      | Reached skill level 1 in Throwing
   881 | D:2      | Reached XP level 3. HP: 36/36 MP: 2/2
   910 | D:2      | Found a faded altar of an unknown god.
  1287 | D:2      | Reached skill level 3 in Unarmed Combat
  1366 | D:3      | Found Caguatt's Assorted Antiques.
  1371 | D:3      | Found Neps's General Store.
  1399 | D:3      | Bought a scroll of identify for 28 gold pieces
  1523 | D:3      | Reached XP level 4. HP: 44/44 MP: 3/3
  1609 | D:3      | Found an opulent altar of Gozag.
  1664 | D:3      | Found Urrunyr's Assorted Antiques.
  1666 | D:3      | Found Fedwidof's Antique Armour Boutique.
  1669 | D:3      | Reached skill level 4 in Unarmed Combat
  1669 | D:3      | Reached XP level 5. HP: 50/50 MP: 4/4
  2140 | D:3      | Found Naid's Distillery.
  2157 | D:3      | Bought a potion of heal wounds for 60 gold pieces
  2347 | D:4      | Noticed Robin
  2455 | D:4      | Noticed a black bear
  2470 | D:4      | Killed a black bear
  2471 | D:4      | Reached XP level 6. HP: 54/59 MP: 5/5
  2512 | D:5      | Entered Level 5 of the Dungeon
  2585 | D:5      | Noticed martinluther4's ghost (amateur HuTm)
  2586 | D:5      | Found a runed translucent gate.
  2586 | D:5      | Found a runed translucent gate.
  2586 | D:5      | Found a runed translucent gate.
  2586 | D:5      | Identified the +1 scale mail "Udikhoum" {Fly rPois}
  2664 | D:5      | Reached skill level 5 in Unarmed Combat
  2860 | D:5      | Reached XP level 7. HP: 61/67 MP: 6/6
  2915 | D:5      | Found a sparkling altar of Nemelex Xobeh.
  3472 | D:4      | Found a staircase to the Ecumenical Temple.
  3480 | Temple   | Entered the Ecumenical Temple
  3523 | Temple   | Became a worshipper of Cheibriados the Contemplative
  3523 | Temple   | Reached * piety under Cheibriados
  3523 | Temple   | Reached ** piety under Cheibriados
  3639 | D:4      | Killed Robin
  3640 | D:4      | Reached skill level 5 in Throwing
  3648 | D:4      | Reached skill level 6 in Unarmed Combat
  4030 | D:6      | Reached skill level 1 in Invocations
  4030 | D:6      | Reached XP level 8. HP: 73/78 MP: 5/7
  4335 | D:6      | Found a shimmering blue altar of Sif Muna.
  4383 | D:6      | Noticed Prince Ribbit
  4393 | D:6      | Reached skill level 7 in Unarmed Combat
  4414 | D:6      | Killed Prince Ribbit
  4831 | D:7      | Found a glowing golden altar of the Shining One.
  4831 | D:7      | Found an ancient bone altar of Kikubaaqudgha.
  4833 | D:7      | Found a stormy altar of Qazlal.
  4833 | D:7      | Found a glowing silver altar of Zin.
  4858 | D:7      | Reached XP level 9. HP: 85/85 MP: 10/10
  4899 | D:7      | Reached skill level 8 in Unarmed Combat
  4967 | D:7      | Found a bloodstained altar of Trog.
  4989 | D:7      | Reached *** piety under Cheibriados
  5384 | D:7      | Found an ancient bone altar of Kikubaaqudgha.
  5829 | D:8      | Reached skill level 5 in Fighting
  5829 | D:8      | Reached skill level 5 in Dodging
  6309 | D:9      | Reached skill level 9 in Unarmed Combat
  6348 | D:9      | Identified the +3 ring mail of the Eternal Void {Int+4
                  | Stlth+}
  6370 | D:9      | Noticed a two-headed ogre
  6380 | D:9      | Killed a two-headed ogre
  6483 | D:9      | Noticed a two-headed ogre
  6495 | D:9      | Killed a two-headed ogre
  6496 | D:9      | Reached XP level 10. HP: 59/98 MP: 12/12
  6640 | D:9      | Reached **** piety under Cheibriados
  6887 | D:9      | Reached skill level 10 in Unarmed Combat
  6889 | D:9      | Reached skill level 5 in Invocations
  7010 | D:9      | Found a runed translucent door.
  7102 | D:10     | Entered Level 10 of the Dungeon
  7165 | D:10     | Found a hide-covered altar of Uskayaw.
  7184 | D:10     | Noticed Maggie
  7198 | D:10     | Killed Maggie
  7246 | D:10     | Found a broken altar of Ashenzari.
  7251 | D:10     | Found a shadowy altar of Dithmenos.
  7260 | D:10     | Found an ornate altar of the Wu Jian Council.
  7260 | D:10     | Found a shimmering altar of Xom.
  7261 | D:10     | Noticed a two-headed ogre
  7271 | D:10     | Killed a two-headed ogre
  7346 | D:10     | Reached skill level 11 in Unarmed Combat
  7346 | D:10     | Reached XP level 11. HP: 91/107 MP: 9/14
  7427 | D:10     | Found a runed translucent gate.
  7427 | D:10     | Noticed a nine-headed hydra
  7427 | D:10     | Noticed JoannaLumley's ghost (journeyman KoBr)
  7428 | D:10     | Found a runed translucent gate.
  7429 | D:10     | Found a runed translucent gate.
  7429 | D:10     | Noticed a ten-headed hydra
  7842 | D:11     | Noticed a death knight
  7843 | D:11     | Noticed a skeletal warrior
  7844 | D:11     | Found a flagged portal.
  7847 | D:11     | Noticed a skeletal warrior
  7853 | Bailey   | Entered a bailey
  8013 | Bailey   | Reached ***** piety under Cheibriados
  8170 | Bailey   | Noticed an orc knight
  8170 | Bailey   | Noticed an orc warlord
  8177 | Bailey   | Killed an orc knight
  8178 | Bailey   | Mangled by an orc warlord

Illustrated notes

Levels and vault maps discovered:
D:1:      scummos_arrival_gate, layout_loops_corners, grunt_decor_arrowhead,
          serial_bayou_pond_d
D:2:      layout_basic, dreamdust_ecumenical_altar_drowned_temple, serial_shops,
          shop
D:3:      corexii_shack_village, layout_basic, lemuel_crystal_altar,
          serial_shops, nicolae_shop_waterfront, shop, nicolae_diamond_shop,
          nicolae_shop_window_shopping, shop, minivault_25
D:4:      layout_rooms, minmay_temple_entry_glassed_door, serial_glass,
          glass_columns_c, glass_columns_c, glass_columns_c, glass_columns_c,
          glass_columns_b, glass_columns_b, uniq_robin
D:5:      lemuel_ice_spiral_2, layout_basic, mainiacjoe_overflow_cross_hatched,
          biasface_ghost_orc_armoury
D:6:      layout_basic, led_sif_pool, uniq_prince_ribbit1
D:7:      layout_basic, trog_hazing_becter, mainiacjoe_overflow_alcove_3,
          minivault_24, chequers_serial_rivers_room_a, kennysheep_flooded_box
D:8:      layout_loops_cross
D:9:      layout_loops_ring, minmay_misc_feat_cross, lightli_church_of_beogh
D:10:     layout_gridville, eat_drink_and_be_merry_uskayaw,
          grunt_temple_overflow_open, gammafunk_ghost_hydra_chop,
          feat_on_display, uniq_maggie
D:11:     lemuel_ogre_cave, layout_basic, erik_lair_orcish_takeover,
          enter_trove_1, enter_bailey_8, minivault_16, minmay_diamond_spiral
Temple:   jpeg_temple_island
Bailey:   bailey_axe_minmay_hex_keep, bailey

Skill      XL: |  1  2  3  4  5  6  7  8  9 10 11 |
---------------+----------------------------------+-----
Unarmed Combat | 1 2 3 4 5 6 7 9 11 | 11.4
Throwing       | 1 2 3 4 5 |  5.0
Fighting       | 3 4 5 6 |  6.9
Dodging        | 3 4 5 6 |  6.9
Invocations    | 1 3 4 5 6 |  6.3
Maces & Flails | |  2.6
Stealth        | |  1.0

Action                   |  1- 3 |  4- 6 |  7- 9 | 10-12 || total
-------------------------+-------+-------+-------+-------++-------
Melee: Unarmed           |    94 |   143 |   254 |   176 ||   667
       Punch             |     2 |     3 |    13 |    15 ||    33
Throw: Dart              |     7 |     9 |    20 |    12 ||    48
       Boomerang         |       |       |    11 |    17 ||    28
       Stone             |       |       |       |     7 ||     7
Invok: Slouch            |       |       |       |     3 ||     3
       Bend Time         |       |       |       |     1 ||     1
       Temporal Distorti |       |       |       |     1 ||     1
Evoke: Wand              |       |       |       |     2 ||     2
       Tin of tremorston |       |       |       |     1 ||     1
  Use: Scroll            |     3 |     1 |     3 |     8 ||    15
 Stab: Sleeping          |     5 |     4 |     4 |     1 ||    14
       Distracted        |       |     1 |     1 |       ||     2
Armor: Robe              |    41 |    54 |    44 |    13 ||   152
Dodge: Dodged            |    41 |    51 |   157 |   102 ||   351
       Repelled          |       |       |     2 |       ||     2

Table legend: (Time is in decaauts)
 A = Elapsed time spent in this place.
 B = Non-inter-level travel time spent in this place.
 C = Inter-level travel time spent in this place.
 D = Time resting spent in this place.
 E = Time spent auto-exploring this place.
 F = Levels seen in this place.
 G = Mean time per level.
                   A        B        C        D        E       F      G
               +--------+--------+--------+--------+--------+-----+--------+
         Total |  10261 |   9542 |    719 |    418 |   6822 |  13 |  789.3 |
       Dungeon |   9765 |   9100 |    665 |    337 |   6748 |  11 |  887.7 |
        Temple |     98 |     45 |     53 |      0 |     30 |   1 |   98.0 |
        Bailey |    397 |    397 |      0 |     80 |     44 |   1 |  397.0 |
               +--------+--------+--------+--------+--------+-----+--------+

Top non-repeatable levels by time:
     D:7: 1379 daAuts
     D:9: 1245 daAuts
     D:6: 1220 daAuts
    D:10: 1124 daAuts
     D:3: 996 daAuts
     D:8: 920 daAuts
     D:5: 827 daAuts
     D:2: 700 daAuts
     D:1: 658 daAuts
     D:4: 632 daAuts
  Bailey: 397 daAuts
  Temple: 98 daAuts
    D:11: 60 daAuts
